 Dungeon Crawl Stone Soup version 0.31-a0-995-g04711c9635 (webtiles) character file.

Game seed: 17302097177184602150

440 Revguard the Trooper (level 6, -3/72 HPs)
             Began as a Demonspawn Berserker on Nov 6, 2023.
             Was a Believer of Trog.
             Slain by Duvessa
             ... wielding a +5 short sword of electrocution
              (10 damage)
             ... on level 4 of the Dungeon.
             The game lasted 00:10:20 (3101 turns).

Revguard the Trooper (Demonspawn Berserker)         Turns: 3101, Time: 00:10:20

Health: -3/72      AC: 23    Str: 20    XL:     6   Next: 70%
Magic:  6/6        EV:  2    Int:  8    God:    Trog [**....]
Gold:   188        SH:  0    Dex: 12    Spells: 5/5 levels left

rFire   . . .        a - +1 hand axe
rCold   . . .        (no shield)
rNeg    . . .        f - melded +0 plate armour
rPois   +            g - melded +0 helmet
rElec   .            e - melded +1 cloak
rCorr   .            (gloves currently unavailable)
SInv    .            (boots currently unavailable)
Will    .....        (no amulet)
Stlth   +            (no ring)
HPRegen 0.32/turn    (no ring)
MPRegen 0.10/turn

%: no passive effects
@: tree-form, on berserk cooldown, slowed, very slow
A: stationary, stasis, torment immunity, boosted hp, (claws 1), (slimy green
scales 2)
a: Renounce Religion, Berserk, Trog's Hand


You were on level 4 of the Dungeon.
You worshipped Trog.
Trog was pleased with you.
You were a tree.
You visited 1 branch of the dungeon, and saw 4 of its levels.

You collected 188 gold pieces.

Inventory:

Hand Weapons
 a - a +1 hand axe (weapon)
Armour
 e - a +1 cloak (melded)
 f - a +0 plate armour (melded)
 g - a +0 helmet (melded)
Scrolls
 h - a scroll of silence {unknown}
 l - a scroll of enchant weapon
Potions
 b - 2 potions of attraction
 c - a potion of brilliance


   Skills:
 + Level 4.1 Fighting
 + Level 3.8 Axes
 + Level 3.1 Armour
 + Level 3.1 Dodging
 + Level 2.0 Unarmed Combat
 + Level 2.5 Evocations


You had 5 spell levels left.
You didn't know any spells.
Your spell library was empty.

Dungeon Overview and Level Annotations

Branches:
Dungeon (4/15)
 Temple: D:4-7

Altars:

Annotations:
D:4 Duvessa


Innate Abilities, Weirdness & Mutations

You are a tree.
Your roots penetrate the ground, keeping you stationary.
You cannot be teleported.
You are immune to unholy pain and torment.
Your maximum health is greatly increased.
Your equipment is partially melded.
((You have sharp fingernails.))
((You are mostly covered in slimy green scales. (AC +3)))


Message History

Trog accepts your kill.
You feel sick.
Duvessa hits you with a +5 short sword of electrocution.
You hit Duvessa but do no damage.
Duvessa hits you with a +5 short sword of electrocution.
You hit Duvessa.
Duvessa is lightly wounded.
You feel sick. Duvessa hits you but does no damage.
You closely miss Duvessa.
Duvessa is lightly wounded.
You feel sick.
You are no longer poisoned.
Duvessa hits you with a +5 short sword of electrocution.
You hit Duvessa but do no damage.
Duvessa is lightly wounded.
Duvessa barely misses you.
You slash Duvessa!
Duvessa is moderately wounded.
You are no longer berserk.
You are exhausted.
You feel yourself slow down. Duvessa hits you but does no damage.
You hit Duvessa but do no damage. Your claw misses Duvessa.
Duvessa is moderately wounded.
Duvessa barely misses you.
Duvessa hits you with a +5 short sword of electrocution.
You are electrocuted!
* * * LOW HITPOINT WARNING * * *
Duvessa barely misses you.
It was a potion of lignification.
You turn into a tree.
Your +1 cloak melds into your body.
Your +0 helmet melds into your body.
Your +0 plate armour melds into your body.
Your roots penetrate the ground.
Duvessa hits you with a +5 short sword of electrocution.
* * * LOW HITPOINT WARNING * * *
Duvessa hits you with a +5 short sword of electrocution.
* * * LOW HITPOINT WARNING * * *
You hit Duvessa.
Duvessa is moderately wounded.
Duvessa hits you but does no damage.
You are electrocuted!
You die...

#.####...........#
#.# ##$#######..#
#^. #.# #..# ###
#.# #.. #.#######
#........
#.####### #.# #♣#
#.))eJg....
#.#.####... #....
# ... ....# ##.##
#..


You could see Duvessa (berserk), a jelly and a goblin.

Vanquished Creatures
  Eustachio (D:4)
  Dowan (D:4)
  3 orc priests
  An orc wizard (D:4)
  4 adders
  3 dart slugs
  12 orcs
  9 bats
  8 endoplasms
  5 giant cockroaches
  5 goblins
  2 hobgoblins
  10 kobolds
  4 quokkas
  9 ball pythons
  5 frilled lizards
  8 rats
90 creatures vanquished.

Notes
Turn   | Place    | Note
-------+----------+-------------------------------------------
     0 | D:1      | Revguard the Demonspawn Berserker began the quest for the
                  | Orb.
     0 | D:1      | Reached XP level 1. HP: 18/18 MP: 1/1
    94 | D:1      | Found a faded altar of an unknown god.
   192 | D:1      | Gained mutation: You have sharp fingernails. [demonic
                  | ancestry]
   192 | D:1      | Reached XP level 2. HP: 24/24 MP: 2/2
   693 | D:1      | Reached XP level 3. HP: 29/29 MP: 3/3
   723 | D:1      | Reached skill level 1 in Evocations
   845 | D:2      | Reached ** piety under Trog
  1474 | D:2      | Gained mutation: You are partially covered in slimy green
                  | scales. (AC +2) [demonic ancestry]
  1474 | D:2      | Reached XP level 4. HP: 31/35 MP: 4/4
  1843 | D:3      | Reached skill level 1 in Unarmed Combat
  2200 | D:3      | Gained mutation: You are mostly covered in slimy green
                  | scales. (AC +3) [demonic ancestry]
  2200 | D:3      | Reached XP level 5. HP: 41/41 MP: 5/5
  3059 | D:4      | Noticed Eustachio
  3068 | D:4      | Noticed Dowan
  3074 | D:4      | Noticed Duvessa
  3085 | D:4      | Killed Eustachio
  3086 | D:4      | Reached XP level 6. HP: 48/48 MP: 6/6
  3089 | D:4      | Reached skill level 4 in Fighting
  3092 | D:4      | Killed Dowan
  3101 | D:4      | Slain by Duvessa

Illustrated notes

Levels and vault maps discovered:
D:1:      orjb1_clovarrival, layout_basic, chequers_ecumenical_altar_simple
D:2:      minmay_angry_zag, layout_basic, serial_glass, glass_columns_a,
          glass_columns_b, minmay_hedge_maze, minmay_tiny_reverse_x
D:3:      layout_basic, minmay_cupped
D:4:      layout_loops_ring, amcnicky_altar_gilded, dk_vineyard_2, uniq_duvessa,
          uniq_eustachio, uniq_crazy_yiuf_cottage

Skill      XL: |  1  2  3  4  5  6 |
---------------+-------------------+-----
Armour         | 2 3 |  3.1
Dodging        | 2 3 |  3.1
Evocations     | 1 2 |  2.5
Axes           | 3 |  3.8
Unarmed Combat | 1 2 |  2.0
Fighting       | 4 |  4.1

Action                     |  1- 3 |  4- 6 || total
---------------------------+-------+-------++-------
  Melee: Hand axe          |   152 |   158 ||   310
         Punch             |     1 |       ||     1
 Invoke: Berserk           |       |     3 ||     3
         Trog's Hand       |       |     3 ||     3
    Use: Scroll            |       |     9 ||     9
         Potion            |       |     2 ||     2
 Armour: Ring mail         |    52 |       ||    52
         Leather armour    |    10 |       ||    10
         Skin              |     1 |     3 ||     4
         Scale mail        |    36 |    89 ||   125
         Plate armour      |       |    22 ||    22
  Dodge: Dodged            |   124 |    83 ||   207

Table legend: (Time is in decaauts)
 A = Elapsed time spent in this place.
 B = Non-inter-level travel time spent in this place.
 C = Inter-level travel time spent in this place.
 D = Time resting spent in this place.
 E = Time spent auto-exploring this place.
 F = Levels seen in this place.
 G = Mean time per level.
                   A        B        C        D        E       F      G
               +--------+--------+--------+--------+--------+-----+--------+
         Total |   3172 |   3098 |     74 |     67 |   2183 |   4 |  793.0 |
       Dungeon |   3172 |   3098 |     74 |     67 |   2183 |   4 |  793.0 |
               +--------+--------+--------+--------+--------+-----+--------+

Top non-repeatable levels by time:
     D:3: 1302 daAuts
     D:2: 872 daAuts
     D:1: 847 daAuts
     D:4: 150 daAuts
